 Dungeon Crawl Stone Soup version 0.28-a0-991-g956f0ee3d5 (webtiles) character file.

Game seed: 6048405020058596348

564 BinkBink the Cudgeller (level 7, -2/44 HPs)
             Began as a Gargoyle Monk on Dec 5, 2021.
             Was a Priest of Dithmenos.
             Slain by an ice beast (7 damage)
             ... on level 3 of the Dungeon.
             The game lasted 00:11:29 (5367 turns).

BinkBink the Cudgeller (Gargoyle Monk)              Turns: 5367, Time: 00:11:30

Health: -2/44      AC: 12    Str: 15    XL:     7   Next: 32%
Magic:  7/7        EV: 11    Int: 10    God:    Dithmenos [***...]
Gold:   250        SH:  0    Dex: 14    Spells: 6/6 levels left

rFire   . . .      SeeInvis .   a - +0 mace
rCold   . . .      Faith    .   (no shield)
rNeg    + . .      Spirit   .   x - +0 ring mail
rPois   ∞          Reflect  .   h - +0 helmet
rElec   +          Harm     .   (no cloak)
rCorr   .          Rampage  .   r - +0 pair of gloves
Will    .....                   (no boots)
Stlth   ++........              (no amulet)
HPRegen 0.14/turn               c - ring of flight
MPRegen 0.10/turn               (no ring)

@: flying, wreathed by umbra
A: sickness immunity, AC +4, negative energy resistance 1, electricity
resistance, torment resistance 1, petrification resistance
a: Renounce Religion, Shadow Step


You were on level 3 of the Dungeon.
You worshipped Dithmenos.
Dithmenos was most pleased with you.
You visited 1 branch of the dungeon, and saw 4 of its levels.
You also visited: Sewer.

You collected 250 gold pieces.

Inventory:

Hand Weapons
 a - a +0 mace (weapon)
 b - a +0 whip of freezing
Armour
 h - a +0 helmet (worn)
 r - a +0 pair of gloves (worn)
 x - a +0 ring mail (worn)
Jewellery
 c - a ring of flight (left hand)
 t - a ring of ice
Scrolls
 e - 3 scrolls of blinking {unknown}
 j - 2 scrolls of enchant armour {unknown}
 k - 2 scrolls of teleportation {unknown}
 l - a scroll of enchant weapon {unknown}
 o - 2 scrolls of identify {unknown}
 s - a scroll of immolation {unknown}
 u - a scroll of amnesia {unknown}
 w - a scroll of silence {unknown}
Potions
 d - 2 potions of magic {unknown}
 f - a potion of flight {unknown}
 g - a potion of lignification {unknown}
 m - 3 potions of haste {unknown}
 n - a potion of cancellation {unknown}
 p - a potion of brilliance {unknown}
 q - 3 potions of curing
 v - a potion of ambrosia {unknown}


   Skills:
 + Level 4.7 Fighting
 + Level 5.7 Maces & Flails
 * Level 3.5 Armour
 + Level 3.2 Dodging
 + Level 3.5 Stealth


You had 6 spell levels left.
You didn't know any spells.
Your spell library contained the following spells:

 Spells                   Type           Power      Damage    Failure   Level
 Apportation              Tloc           0%         N/A       58%         1
 Corpse Rot               Necr/Air       0%         N/A       73%         2
 Poisonous Vapours        Pois/Air       0%         N/A       73%         2
 Frozen Ramparts          Ice            0%         1d2       91%         3
 Ice Form                 Ice/Tmut       0%         N/A       100%        4
 Summon Ice Beast         Ice/Summ       0%         N/A       100%        4
 Alistair's Intoxication  Tmut/Pois      0%         N/A       100%        5


Dungeon Overview and Level Annotations

Branches:
Dungeon (4/15)              Sewer (visited)
 Temple: D:4-7

Altars:
Dithmenos
Hepliaklqana
Nemelex Xobeh
Okawaru
Yredelemnul
Zin

Shops:
D:3 :

Annotations:
D:4 Sigmund


Innate Abilities, Weirdness & Mutations

You are immune to sickness and miasma.
Your stone body is resilient. (AC +4)
You are immune to poison.
You resist negative energy. (rN+)
You are resistant to electric shocks. (rElec)
You are resistant to unholy torment.
You are immune to petrification.


Message History

The ice beast is severely wounded.
The ice beast hits you but does no damage.
You barely miss the ice beast.
The ice beast is severely wounded.
The ice beast hits you but does no damage. x2
You hit the ice beast.
The ice beast is severely wounded.
The ice beast hits you but does no damage.
You closely miss the ice beast.
The ice beast is severely wounded.
The ice beast closely misses you.
You completely miss the ice beast.
The ice beast is severely wounded.
The ice beast hits you but does no damage.
You hit the ice beast but do no damage.
The ice beast is severely wounded.
The ice beast hits you but does no damage.
You closely miss the ice beast.
The ice beast is severely wounded.
The ice beast closely misses you.
You completely miss the ice beast.
The ice beast is severely wounded.
The ice beast closely misses you.
You closely miss the ice beast.
The ice beast is severely wounded.
The ice beast hits you. The ice beast freezes you!
* * * LOW HITPOINT WARNING * * *
The ice beast hits you but does no damage.
You barely miss the ice beast.
The ice beast is severely wounded.
The ice beast barely misses you.
You closely miss the ice beast.
The ice beast is severely wounded.
The ice beast closely misses you.
You closely miss the ice beast.
The ice beast is severely wounded.
The ice beast hits you.
* * * LOW HITPOINT WARNING * * *
The ice beast freezes you!
You die...

#.# #
#.# #.#
#.# #.#
#.# #.#
#####.#
#@Y...#
#######


You could see an ice beast.

Vanquished Creatures
  Pargi (Sewer)
  2 black bears (D:3)
  A kobold brigand (D:4)
  A scorpion (D:3)
  An orc priest (D:3)
  4 gnolls (D:2)
  An adder (D:4)
  4 worms (D:3)
  A dart slug (D:3)
  4 orcs
  A bat (D:2)
  6 endoplasms
  5 giant cockroaches
  4 goblins
  2 hobgoblins
  6 jackals
  4 kobolds (D:4)
  2 quokkas
  11 ball pythons
  6 frilled lizards
  2 rats
69 creatures vanquished.

Notes
Turn   | Place    | Note
-------+----------+-------------------------------------------
     0 | D:1      | BinkBink the Gargoyle Monk began the quest for the Orb.
     0 | D:1      | Reached XP level 1. HP: 14/14 MP: 1/1
    88 | D:1      | Reached XP level 2. HP: 2/19 MP: 2/2
   465 | D:1      | Reached skill level 1 in Armour
   623 | D:1      | Found a faded altar of an unknown god.
   628 | D:1      | Prayed at the altar of an unknown god.
   628 | D:1      | Became a worshipper of Dithmenos the Shadowed
   628 | D:1      | Reached * piety under Dithmenos
   628 | D:1      | Reached ** piety under Dithmenos
  1134 | D:2      | Reached XP level 3. HP: 24/24 MP: 3/3
  1280 | D:2      | Reached *** piety under Dithmenos
  1359 | D:2      | Found a basalt altar of Yredelemnul.
  1545 | D:2      | HP: 1/24 [gnoll (3)]
  1978 | D:2      | Reached XP level 4. HP: 6/29 MP: 4/4
  2673 | D:3      | Noticed a scorpion
  2681 | D:3      | Killed a scorpion
  2682 | D:3      | Reached skill level 4 in Maces & Flails
  2682 | D:3      | Reached XP level 5. HP: 19/33 MP: 5/5
  2850 | D:3      | Found a hazy altar of Hepliaklqana.
  2887 | D:3      | Noticed a black bear
  2907 | D:3      | Killed a black bear
  2908 | D:3      | Reached XP level 6. HP: 15/38 MP: 6/6
  3155 | D:3      | Found a glowing drain.
  3164 | Sewer    | Entered a sewer
  3261 | Sewer    | Noticed Pargi
  3362 | Sewer    | Killed Pargi
  3363 | Sewer    | Reached skill level 5 in Maces & Flails
  3750 | D:3      | Found a sparkling altar of Nemelex Xobeh.
  3811 | D:3      | Found Yfauhym's Book Shoppe.
  3816 | D:3      | Found a basalt altar of Yredelemnul.
  4172 | D:3      | Noticed a black bear
  4193 | D:3      | Killed a black bear
  4194 | D:3      | Reached XP level 7. HP: 35/44 MP: 7/7
  4354 | D:3      | Found an iron altar of Okawaru.
  4931 | D:4      | Found a glowing silver altar of Zin.
  4988 | D:4      | Noticed Sigmund
  5221 | D:3      | HP: 1/44 [ice beast (7)]
  5367 | D:3      | Slain by an ice beast

Illustrated notes

Levels and vault maps discovered:
D:1:      dpeg_arrival_lava_temple_mockup, layout_rooms,
          chequers_ecumenical_altar_grove, due_unseen_surprise
D:2:      layout_loops_ring, basic_altar, chequers_jeans,
          minmay_misc_feat_cross, minmay_tetromino_i2
D:3:      layout_basic, mainiacjoe_overflow_tiny_flanked,
          mainiacjoe_overflow_six_doors_small, nicolae_overflow_hidden_temple,
          serial_shops, shop, cheibrodos_sewer_entry_sluice
D:4:      layout_rooms, mainiacjoe_overflow_chevrons, uniq_sigmund

Skill      XL: |  1  2  3  4  5  6 |
---------------+-------------------+-----
Armour         | 1 2 3 |  3.5
Fighting       | 4 |  4.7
Maces & Flails | 4 5 |  5.7
Stealth        | 3 |  3.5
Dodging        | 3 |  3.2

Action                   |  1- 3 |  4- 6 |  7- 9 || total
-------------------------+-------+-------+-------++-------
Melee: Mace              |    89 |   124 |    82 ||   295
  Use: Potion            |     1 |       |       ||     1
 Stab: Sleeping          |     5 |     3 |     1 ||     9
Armor: Robe              |    36 |       |       ||    36
       Leather armour    |       |    78 |    12 ||    90
       Ring mail         |       |       |    23 ||    23
Dodge: Dodged            |    69 |   127 |    39 ||   235

Table legend: (Time is in decaauts)
 A = Elapsed time spent in this place.
 B = Non-inter-level travel time spent in this place.
 C = Inter-level travel time spent in this place.
 D = Time resting spent in this place.
 E = Time spent auto-exploring this place.
 F = Levels seen in this place.
 G = Mean time per level.
                   A        B        C        D        E       F      G
               +--------+--------+--------+--------+--------+-----+--------+
         Total |   5419 |   5336 |     83 |      0 |   3750 |   5 | 1083.8 |
       Dungeon |   4963 |   4880 |     83 |      0 |   3482 |   4 | 1240.8 |
         Sewer |    456 |    456 |      0 |      0 |    268 |   1 |  456.0 |
               +--------+--------+--------+--------+--------+-----+--------+

Top non-repeatable levels by time:
     D:3: 1576 daAuts
     D:2: 1489 daAuts
     D:1: 1178 daAuts
     D:4: 717 daAuts
   Sewer: 456 daAuts
